 Dungeon Crawl Stone Soup version 0.23.2-1-ga50397a (webtiles) character file.

Game seed: 3201689527169767539

275 Fang the Skirmisher (level 6, -1/39 HPs)
             Began as a Gargoyle Berserker on May 31, 2019.
             Was a Believer of Trog.
             Slain by Grinder (2 damage)
             ... on level 4 of the Dungeon.
             The game lasted 00:02:21 (2970 turns).

Fang the Skirmisher (Gargoyle Berserker)            Turns: 2970, Time: 00:02:21

Health: -1/39      AC:  0    Str: 23    XL:     6   Next: 24%
Magic:  6/6        EV: 20    Int:  7    God:    Trog [**....]
Gold:   215        SH:  0    Dex: 14    Spells: 5/5 levels left

rFire    . . .     SeeInvis .   (weapon currently unavailable)
rCold    . . .     Gourm    .   (shield currently unavailable)
rNeg     + . .     Faith    .   (armour currently unavailable)
rPois    ∞         Spirit   .   (helmet currently unavailable)
rElec    .         Reflect  .   (cloak currently unavailable)
rCorr    .         Harm     .   (gloves currently unavailable)
MR       .....                  (boots currently unavailable)
Stlth    +.........             (no amulet)
HPRegen  0.13/turn              (ring currently unavailable)
MPRegen  0.10/turn              (ring currently unavailable)

@: bat-form (expiring), flying, very quick
A: tiny, negative energy resistance 1, petrification resistance, rot immunity,
AC +4
a: Berserk, Trog's Hand, Renounce Religion


You were on level 4 of the Dungeon.
You worshipped Trog.
Trog was pleased with you.
You were hungry.
You were in bat-form.
You visited 1 branch of the dungeon, and saw 4 of its levels.

You collected 215 gold pieces.

Inventory:

Hand Weapons
 a - a +1 hand axe (melded)
Armour
 b - a +0 chain mail (melded)
Jewellery
 o - a +5 ring of intelligence (melded)
Wands
 r - a wand of digging (7)
Scrolls
 e - 5 scrolls of teleportation
 f - a scroll of blinking {unknown}
 g - a scroll of remove curse
 i - 3 scrolls of identify
 j - 2 scrolls of magic mapping {unknown}
 n - a scroll of enchant armour {unknown}
 t - a scroll of immolation {unknown}
Potions
 d - 2 potions of lignification {unknown}
 h - 2 potions of might {unknown}
 k - a potion of cancellation
 l - a potion of magic {unknown}
 m - a potion of mutation {unknown}
 q - a potion of degeneration {unknown}
 s - a potion of resistance {unknown}
Comestibles
 c - 11 rations


   Skills:
 + Level 4.7 Fighting
 + Level 3.8 Axes
 + Level 3.9 Armour
 + Level 2.9 Dodging


You had 5 spell levels left.
You didn't know any spells.
Your spell library was empty.

Dungeon Overview and Level Annotations

Branches:
Dungeon (4/15)
 Temple: D:4-7

Altars:
Elyvilon
Uskayaw
Vehumet

Annotations:
D:4 Grinder


Innate Abilities, Weirdness & Mutations

You are resistant to torment.
((Your stone body is resilient. (AC +4)))
You are immune to poison.
You resist negative energy. (rN+)
((You are resistant to electric shocks. (rElec)))
((You can survive without breathing.))
You are immune to petrification.
You are immune to rotting.


Message History

You hit Grinder.
Grinder is severely wounded.
Your transformation is almost over.
Grinder hits you!
You writhe in agony.
* * * LOW HITPOINT WARNING * * *
You hit Grinder but do no damage.
Grinder is severely wounded.
Grinder hits you!
* * * LOW HITPOINT WARNING * * *
You writhe in agony.
* * * LOW HITPOINT WARNING * * *
You hit Grinder but do no damage.
Grinder is severely wounded.
Grinder closely misses you.
You hit Grinder.
Grinder is almost dead.
Grinder hits you.
* * * LOW HITPOINT WARNING * * *
You writhe in agony.
You die...

#...'.). #.. .#
######.. #..##.####
###.. ...<.....
#=... ....... #....
#...# ###..
######...##########.
#.........#.....###.
#..b5.....'.........
##..###...########..
#..# ##### ##. #....
## #.... # #.....
#..... ##.#..#


You could see Grinder.

Vanquished Creatures
  An ogre (D:4)
  A scorpion (D:4)
  An orc wizard (D:3)
  5 adders
  A worm (D:2)
  A dart slug (D:1)
  3 leopard geckos (D:3)
  4 orcs
  4 giant cockroaches
  6 hobgoblins
  3 jackals (D:4)
  5 kobolds
  5 quokkas
  A ball python (D:3)
  5 bats
  7 frilled lizards
  A goblin (D:3)
  A leopard gecko skeleton (D:4)
  5 rats
60 creatures vanquished.

Notes
Turn   | Place    | Note
-------+----------+-------------------------------------------
     0 | D:1      | Fang the Gargoyle Berserker began the quest for the Orb.
     0 | D:1      | Reached XP level 1. HP: 14/14 MP: 1/1
   257 | D:1      | Reached XP level 2. HP: 19/19 MP: 2/2
  1023 | D:2      | Reached XP level 3. HP: 22/23 MP: 3/3
  1310 | D:2      | Found a radiant altar of Vehumet.
  1632 | D:3      | Reached ** piety under Trog
  1758 | D:3      | Reached XP level 4. HP: 29/29 MP: 4/4
  1880 | D:3      | Reached skill level 4 in Fighting
  2066 | D:3      | Found a white marble altar of Elyvilon.
  2437 | D:4      | Reached XP level 5. HP: 31/33 MP: 5/5
  2442 | D:4      | Noticed an ogre
  2452 | D:4      | Killed an ogre
  2616 | D:4      | Found a hide-covered altar of Uskayaw.
  2616 | D:4      | Noticed a +0 dagger
  2617 | D:4      | Noticed a +0 hand axe
  2898 | D:4      | Reached XP level 6. HP: 39/39 MP: 6/6
  2908 | D:4      | Noticed Grinder
  2917 | D:4      | Paralysed by Grinder for 5 turns
  2939 | D:4      | Paralysed by Grinder for 4 turns
  2970 | D:4      | HP: 1/39 [Grinder (1)]
  2970 | D:4      | Slain by Grinder

Skill      XL: |  1  2  3  4 |
---------------+-------------+-----
Axes           | 3 |  3.8
Dodging        | 2 |  2.9
Fighting       | 4 |  4.7
Armour         | 3 |  3.9

Action                   |  1- 3 |  4- 6 || total
-------------------------+-------+-------++-------
Melee: Hand axe          |   149 |    99 ||   248
       Unarmed           |       |    27 ||    27
Invok: Berserk           |       |     2 ||     2
  Use: Scroll            |       |     6 ||     6
  Eat: Chunk             |     3 |     5 ||     8
Armor: Chain mail        |    98 |    72 ||   170
       Skin              |       |     1 ||     1
Dodge: Dodged            |    81 |    60 ||   141
